 Dungeon Crawl Stone Soup version 0.30-a0-777-ga9a30cbeda (webtiles) character file.

Game seed: 17235662377630066874

168 qeuew the Trooper (level 5, 0/43 HPs)
             Began as a Demonspawn Monk on Feb 14, 2023.
             Was a Believer of Makhleb.
             Slain by a hound (1 damage)
             ... on level 4 of the Dungeon.
             The game lasted 00:03:21 (1837 turns).

qeuew the Trooper (Demonspawn Monk)                 Turns: 1837, Time: 00:03:22

Health: 0/43       AC:  3    Str: 14    XL:     5   Next: 23%
Magic:  6/6        EV: 13    Int: 11    God:    Makhleb [**....]
Gold:   150        SH:  0    Dex: 15    Spells: 4/4 levels left

rFire   . . .      SeeInvis .    a - +0 hand axe
rCold   . . .      Faith    .    (no shield)
rNeg    . . .      Spirit   .    b - +0 robe
rPois   +          Reflect  .    (no helmet)
rElec   .          Harm     .    (no cloak)
rCorr   .          Rampage  .    (no gloves)
Will    .....                    (no boots)
Stlth   ++                       (no amulet)
HPRegen 0.27/turn                j - ring of poison resistance
MPRegen 0.10/turn                (no ring)

@: no status effects
A: rugged brown scales 1, foul stench 1
a: Renounce Religion, Minor Destruction


You were on level 4 of the Dungeon.
You worshipped Makhleb.
Makhleb was pleased with you.
You visited 1 branch of the dungeon, and saw 5 of its levels.

You collected 150 gold pieces.

Inventory:

Hand Weapons
 a - a +0 hand axe (weapon)
Armour
 b - a +0 robe (worn)
Jewellery
 j - a ring of poison resistance (left hand)
Scrolls
 d - a scroll of enchant armour
Potions
 h - a potion of brilliance


   Skills:
 + Level 3.7 Fighting
 + Level 3.3 Axes
 * Level 2.1 Armour
 + Level 3.4 Dodging
 - Level 1.7 Stealth
 * Level 1.9 Invocations


You had 4 spell levels left.
You didn't know any spells.
Your spell library was empty.

Dungeon Overview and Level Annotations

Branches:
Dungeon (5/15)
 Temple: D:4-7

Altars:
Makhleb


Innate Abilities, Weirdness & Mutations

You are partially covered in rugged brown scales. (AC +1, +3% HP)
You may rarely emit foul miasma when damaged in melee.


Message History

As you read the scroll of blinking, it crumbles to dust.
Okay, then.
You are confused.
You feel invigorated.
The hobgoblin shouts!
You hear a shout!
An orc comes into view. It is wielding a +0 hand axe.
You bump into the rock wall.
Found a leather armour.
You feel less invigorated.
You feel less confused. The hobgoblin hits you.
You emit a cloud of foul miasma!
You hit the hobgoblin.
The hobgoblin is almost dead.
You barely miss the orc.
The giant cockroach bites you but does no damage.
The hobgoblin is engulfed in dark miasma.
The hobgoblin is poisoned.
You kill the hobgoblin!
Makhleb accepts your kill.
You feel better. The orc barely misses you.
You hit the giant cockroach but do no damage.
You hit the orc. You hit the hound. The hound bites you but does no damage.
The giant cockroach bites you. The hound barely misses you.
The orc hits you with a +0 hand axe.
* * * LOW HITPOINT WARNING * * *
You hit the giant cockroach.
The giant cockroach is heavily wounded.
You hit the hound. You hit the orc but do no damage.
The hound barely misses you.
The giant cockroach bites you but does no damage.
The orc hits you with a +0 hand axe!
* * * LOW HITPOINT WARNING * * *
The hound closely misses you. The giant cockroach barely misses you.
The hound barely misses you. The giant cockroach misses you.
The hound bites you.
* * * LOW HITPOINT WARNING * * *
The hound attacks as you move away! The hound closely misses you.
Okay, then.
Okay, then.
The hound bites you.
You die...

#.........#[#.#
#.#...#[.##.#.#.###
#....>l.....#.....#
#.#.#.#.#.#.†...#
.. ... #...l.###
#.#
#########..###.## #
#.....B......#
#.##.#ho######
#..@.# ###..# #.##
#.# #.# #.# ... #.#


You could see an iguana, a hound, an orc and a giant cockroach.

Vanquished Creatures
  An orc priest (D:5)
  Jessica (D:2)
  2 orc wizards (D:5)
  An adder (D:2)
  A worm (D:2)
  4 orcs (D:5)
  5 ball pythons (D:2)
  2 bats (D:2)
  3 endoplasms
  6 goblins
  5 hobgoblins
  3 jackals (D:1)
  5 quokkas (D:2)
  7 rats
46 creatures vanquished.

Notes
Turn   | Place    | Note
-------+----------+-------------------------------------------
     0 | D:1      | qeuew the Demonspawn Monk began the quest for the Orb.
     0 | D:1      | Reached XP level 1. HP: 18/18 MP: 1/1
   505 | D:1      | Gained mutation: You are partially covered in rugged brown
                  | scales. (AC +1, +3% HP) [demonic ancestry]
   505 | D:1      | Reached XP level 2. HP: 8/24 MP: 2/2
   825 | D:2      | Reached skill level 1 in Armour
   946 | D:2      | Noticed Jessica
   950 | D:2      | Reached XP level 3. HP: 28/29 MP: 3/3
   957 | D:2      | Killed Jessica
  1105 | D:2      | Gained mutation: You may rarely emit foul miasma when
                  | damaged in melee. [demonic ancestry]
  1105 | D:2      | Reached XP level 4. HP: 36/36 MP: 4/4
  1740 | D:3      | You fall into a shaft and drop 2 floors!
  1740 | D:5      | Entered Level 5 of the Dungeon
  1762 | D:5      | Found a burning altar of Makhleb.
  1767 | D:5      | Noticed an Executioner
  1769 | D:5      | Noticed an angel
  1773 | D:5      | Became a worshipper of Makhleb the Destroyer
  1773 | D:5      | Reached * piety under Makhleb
  1773 | D:5      | Reached ** piety under Makhleb
  1791 | D:5      | Reached skill level 1 in Invocations
  1808 | D:5      | Reached XP level 5. HP: 16/43 MP: 4/6
  1821 | D:5      | Noticed a water moccasin
  1835 | D:4      | HP: 1/43 [hound (3)]
  1837 | D:4      | Slain by a hound

Illustrated notes

Levels and vault maps discovered:
D:1:      dpeg_arrival_ratfight, layout_basic
D:2:      layout_basic, minmay_pentomino_v2, uniq_jessica
D:3:      wad_pebble_path, layout_rooms, lemuel_doored_altar,
          okawaru_gym_becter, hellmonk_ecumenical_altar_watching_god
D:4:      layout_basic, grunt_temple_overflow_forces_of_nature, uniq_pikel
D:5:      layout_rooms, grunt_temple_overflow_order_and_chaos_2,
          chequers_serial_rivers_micro_e, st_stairs_12, uniq_crazy_yiuf_cottage

Skill      XL: |  1  2  3  4 |
---------------+-------------+-----
Armour         | 1 2 |  2.1
Dodging        | 3 |  3.4
Axes           | 3 |  3.3
Invocations    | 1 |  1.9
Fighting       | |  3.7
Stealth        | |  1.7

Action                     |  1- 3 |  4- 6 || total
---------------------------+-------+-------++-------
  Melee: Hand axe          |   107 |    53 ||   160
         Punch             |     1 |     2 ||     3
 Invoke: Minor Destruction |       |     7 ||     7
    Use: Scroll            |     5 |     6 ||    11
         Potion            |       |     3 ||     3
   Stab: Sleeping          |     1 |     3 ||     4
 Armour: Robe              |    32 |    11 ||    43
  Dodge: Dodged            |   104 |    50 ||   154

Table legend: (Time is in decaauts)
 A = Elapsed time spent in this place.
 B = Non-inter-level travel time spent in this place.
 C = Inter-level travel time spent in this place.
 D = Time resting spent in this place.
 E = Time spent auto-exploring this place.
 F = Levels seen in this place.
 G = Mean time per level.
                   A        B        C        D        E       F      G
               +--------+--------+--------+--------+--------+-----+--------+
         Total |   1859 |   1822 |     37 |      0 |   1425 |   5 |  371.8 |
       Dungeon |   1859 |   1822 |     37 |      0 |   1425 |   5 |  371.8 |
               +--------+--------+--------+--------+--------+-----+--------+

Top non-repeatable levels by time:
     D:2: 1042 daAuts
     D:1: 711 daAuts
     D:5: 88 daAuts
     D:4: 11 daAuts
     D:3: 5 daAuts
